 Dungeon Crawl Stone Soup version 0.20.0-15-g7f486f2 (webtiles) character file.

403 Darkins the Slasher (level 7, 0/52 HPs)
             Began as a Human Gladiator on June 17, 2017.
             Succumbed to an orc wizard's poison
             ... on level 4 of the Dungeon.
             The game lasted 00:07:28 (3081 turns).

Darkins the Slasher (Human Gladiator)               Turns: 3081, Time: 00:07:28

Health: 0/52       AC:  4    Str: 15    XL:     7   Next: 11%
Magic:  7/7        EV: 14    Int:  8    God:
Gold:   137        SH:  0    Dex: 16    Spells: 6/6 levels left

rFire    . . .     SeeInvis .   a - +0 long sword
rCold    . . .     Gourm    .   (no shield)
rNeg     . . .     Faith    .   b - +0 leather armour
rPois    .         Spirit   .   c - +0 helmet
rElec    .         Reflect  .   (no cloak)
rCorr    .         Harm     .   (no gloves)
MR       +....                  (no boots)
Stlth    ++........             j - amulet of magic regeneration
Regen    0.2/turn               k - ring of protection from magic
MPRegen  0.2/turn               (no ring)

@: lethally poisoned (0 -> -17), hasted, very quick
A: no striking features
a: no special abilities


You were on level 4 of the Dungeon.
You were hungry.

You visited 1 branch of the dungeon, and saw 4 of its levels.

You collected 137 gold pieces.

Inventory:

Hand Weapons
 a - a +0 long sword (weapon)
Missiles
 d - 2 throwing nets (quivered)
Armour
 b - a +0 leather armour (worn)
 c - a +0 helmet (worn)
 g - a +3 scale mail of magic resistance
Jewellery
 j - an amulet of magic regeneration (around neck)
 k - a ring of protection from magic (left hand)
Scrolls
 h - 3 scrolls of amnesia
 i - a scroll of teleportation {unknown}
 n - a scroll of identify {unknown}
 o - 2 scrolls of magic mapping
 q - a scroll of random uselessness {unknown}
 r - a scroll of fog {unknown}
Potions
 l - a potion of flight {unknown}
 m - a potion of berserk rage {unknown}
 p - a potion of brilliance {unknown}
 s - 2 potions of heal wounds {unknown}
Comestibles
 f - 3 bread rations


   Skills:
 + Level 3.2 Fighting
 + Level 5.2 Long Blades
 + Level 2.2 Throwing
 + Level 2.7 Armour
 + Level 4.2 Dodging
 + Level 1.2 Stealth


You had 6 spell levels left.
You didn't know any spells.

Dungeon Overview and Level Annotations

Branches:
Dungeon (4/15)
 Temple: D:4-7

Altars:
Ru

Annotations:
D:3 Sigmund


Message History

You feel sick.
You hit the orc but do no damage. Something hits you.
Something hits you but does no damage.
You are more poisoned.
You feel sick. The orc hits you with a whip.
Something hits you but does no damage. The orc barely misses you.
You riposte.
You barely miss the orc.
There is an open door here.
You feel sick. Something hits you. The orc barely misses you.
Something barely misses you.
You barely miss the orc.
You feel sick. The orc hits you with a whip! Something hits you.
* * * LOW HITPOINT WARNING * * *
The orc hits you with a whip.
* * * LOW HITPOINT WARNING * * *
The orc misses you. Something hits you.
* * * LOW HITPOINT WARNING * * *
You are more poisoned.
You feel yourself speed up.
You die...

,,,,*,* *,,,,,,,,,,**,* *,*
,,,,*,*****,,,,,,,,,,**,* *,*
*,,,,,,,,,',,,,,,,,,,+,,* *,*
*,****,****,,,,,,,,,,**** *,*
*,* *,* ####**#######*** *,*
*+** *,*##!.!#*#.....,,,****,*
,,,* #.##)....##...#,,,,,,**,*
,,,* #.#!......#o..#*,,,,,**,*
,,,* #.#.......o@..#*,,,,,,*,*
,,,**#.#(......#)..#***,,,,,,*
,,,,*#.##!....##...# #####**,*
,,,,*#.###=.?#*#...###...##*,*
,,,,*#.######* #...##.....##,*
,,,,*#......####...#.......#,*
,,,,*#.#.÷....##...÷.......#,*
,,,,*#.##.....##...#.......#,*
,,,,*#.##......#...##.....##,*


You could see 2 orcs.

Vanquished Creatures
  A phantom (D:4)
  A bullfrog (D:4)
  An orc wizard (D:4)
  Terence (D:2)
  Natasha (thrice) (D:2)
  An iguana (D:4)
  A worker ant (D:4)
  2 adders
  An ooze (D:4)
  A dart slug (D:1)
  4 leopard geckos
  5 giant cockroaches
  3 goblins
  6 hobgoblins
  A ball python (D:2)
  3 bats
  5 frilled lizards
  5 kobolds
  7 rats
52 creatures vanquished.

Notes
Turn   | Place    | Note
-------+----------+-------------------------------------------
     0 | D:1      | Darkins the Human Gladiator began the quest for the Orb.
     0 | D:1      | Reached XP level 1. HP: 16/16 MP: 1/1
    95 | D:1      | Reached XP level 2. HP: 16/22 MP: 2/2
   625 | D:1      | Reached XP level 3. HP: 25/27 MP: 3/3
   803 | D:1      | You fall through a shaft!
   884 | D:2      | Noticed Natasha
   916 | D:2      | HP: 1/27 [Natasha (6)]
   917 | D:2      | Killed Natasha
   917 | D:2      | Reached skill level 1 in Armour
   917 | D:2      | Reached XP level 4. HP: 1/34 MP: 4/4
  1509 | D:2      | Noticed Natasha
  1523 | D:2      | Killed Natasha
  1663 | D:2      | Noticed Natasha
  1670 | D:2      | Killed Natasha
  1670 | D:2      | Reached XP level 5. HP: 32/39 MP: 5/5
  1671 | D:2      | Found a sacrificial altar of Ru.
  1685 | D:2      | Noticed Terence
  1989 | D:2      | Killed Terence
  1989 | D:2      | Reached skill level 4 in Long Blades
  2649 | D:3      | Noticed Sigmund
  2664 | D:4      | Noticed a phantom
  2693 | D:4      | Killed a phantom
  2693 | D:4      | Reached XP level 6. HP: 39/46 MP: 6/6
  2734 | D:4      | Reached skill level 1 in Stealth
  2793 | D:4      | Reached skill level 5 in Long Blades
  2793 | D:4      | Reached XP level 7. HP: 13/52 MP: 7/7
  3080 | D:4      | HP: 1/52 [something (6)]
  3081 | D:4      | Succumbed to an orc wizard's poison

Skill      XL: |  1  2  3  4  5  6 |
---------------+-------------------+-----
Armour         | 1 2 |  2.7
Long Blades    | 4 5 |  5.2
Dodging        | 4 |  4.2
Fighting       | 3 |  3.2
Stealth        | 1 |  1.2
Throwing       | |  2.2

Action                   |  1- 3 |  4- 6 |  7- 9 || total
-------------------------+-------+-------+-------++-------
Melee: Long sword        |    70 |   119 |     8 ||   197
Throw: Throwing net      |       |     1 |       ||     1
  Use: Scroll            |       |     1 |     2 ||     3
       Potion            |       |     1 |     1 ||     2
 Stab: Held in net/web   |       |     1 |       ||     1
  Eat: Chunk             |       |     2 |       ||     2
       Bread ration      |       |     1 |       ||     1
Armor: Leather armour    |    15 |    22 |     5 ||    42
Dodge: Dodged            |    46 |    83 |     9 ||   138
       Rpst.: Long sword |    12 |    30 |     2 ||    44
